 Dungeon Crawl Stone Soup version 0.28-a0-998-gb9e9c7b67e (webtiles) character file.

Game seed: 14402842333330727815

1651 freelancePsychic the Bolt Thrower (level 9, -2/72 HPs)
             Began as a Formicid Hunter on Dec 6, 2021.
             Slain by a troll (6 damage)
             ... on level 7 of the Dungeon.
             The game lasted 00:12:04 (7833 turns).

freelancePsychic the Bolt Thrower (Formicid Hunter) Turns: 7833, Time: 00:12:05

Health: -2/72      AC:  9    Str: 17    XL:     9   Next: 19%
Magic:  0/9        EV:  7    Int: 11    God:
Gold:   345        SH: 16    Dex: 15    Spells: 8/8 levels left

rFire   + . .      SeeInvis +   a - +1 hand crossbow
rCold   + . .      Faith    .   g - +1 tower shield
rNeg    . . .      Spirit   +   p - +3 scale mail
rPois   +          Reflect  .   (helmet unavailable)
rElec   +          Harm     .   (no cloak)
rCorr   +          Rampage  .   (no gloves)
Will    .....                   (no boots)
Stlth   ..........              k - amulet of guardian spirit
HPRegen 0.22/turn               (no ring)
MPRegen 0.11/turn               (no ring)

@: brilliant, resistant
A: permanent stasis, dig shafts and tunnels, antennae 3, four strong arms
a: Dig, Shaft Self


You were on level 7 of the Dungeon.
You visited 1 branch of the dungeon, and saw 7 of its levels.

You collected 345 gold pieces.

Inventory:

Hand Weapons
 a - a +1 hand crossbow (weapon)
 b - a +0 dagger
Missiles
 d - 49 bolts (quivered ammo)
Armour
 g - a +1 tower shield (worn)
 p - a +3 scale mail (worn)
Jewellery
 e - a ring of fire
 k - an amulet of guardian spirit (around neck)
 t - an amulet of magic regeneration
 v - the ring "Tiacoh" {Int+3 SInv}
   (You found it on level 7 of the Dungeon)

   [ring of see invisible]

   Int:       It affects your intelligence (+3).
   SInv:      It lets you see invisible.
Wands
 o - a wand of paralysis (16)
Scrolls
 c - a scroll of enchant weapon {unknown}
 f - 6 scrolls of teleportation {@r4}
 m - 2 scrolls of identify {unknown}
 r - a scroll of vulnerability {unknown}
 u - 2 scrolls of immolation
Potions
 h - a potion of flight {unknown}
 i - 3 potions of brilliance
 j - 2 potions of resistance
 l - 2 potions of haste {unknown}
 n - 2 potions of curing {unknown}
 q - 2 potions of attraction {unknown}
 s - a potion of ambrosia {unknown}


   Skills:
 + Level 7.0 Fighting
 - Level 3.1 Short Blades
 + Level 7.2 Crossbows
 - Level 1.7 Dodging
 - Level 1.2 Stealth
 + Level 7.1 Shields


You had 8 spell levels left.
You didn't know any spells.
Your spell library contained the following spells:

 Spells                   Type           Power      Damage    Failure   Level
 Ignite Poison            Fire/Tmut/Pois 0%         N/A       100%        3
 Lesser Beckoning         Tloc           0%         N/A       100%        3
 Mephitic Cloud           Conj/Pois/Air  0%         N/A       100%        3
 Freezing Cloud           Conj/Ice/Air   0%         6-21      100%        5
 Manifold Assault         Tloc           0%         N/A       100%        5
 Blink                    Tloc           Unusable   N/A       N/A         2

Dungeon Overview and Level Annotations

Branches:
Dungeon (7/15)
 Temple: D:4-7

Altars:
Fedhas
Gozag
Sif Muna
Vehumet
Beogh

Shops:
D:1 (

Annotations:
D:3 3 runed translucent doors, Dvallin's ghost, weakling KoFi


Innate Abilities, Weirdness & Mutations

You cannot be hasted, slowed, berserked, paralysed or teleported.
You can dig through walls and to a lower floor.
You have a pair of large antennae on your head. (SInv)
Your four strong arms can wield two-handed weapons with a shield.


Message History

Aim: a troll (heavily wounded, 69% to hit)
You shoot a bolt. The bolt closely misses the troll.
You block the troll's attack. The troll claws you but does no damage.
The troll barely misses you.
Fire: 52 bolts
Press: ? - help, Q - select action, (/) - cycle Shift-Dir - straight line, f/p - troll
Aim: a troll (heavily wounded, 69% to hit)
You shoot a bolt. The bolt hits the troll!
The troll is severely wounded.
You block the troll's attack. The troll closely misses you.
You block the troll's attack.
Fire: 51 bolts
Press: ? - help, Q - select action, (/) - cycle Shift-Dir - straight line, f/p - troll
Aim: a troll (severely wounded, 68% to hit)
You shoot a bolt.
The bolt hits the troll but does no damage.
The troll is severely wounded.
You block the troll's attack.
The troll claws you but does no damage. x2
The troll bites you! You block the troll's attack. The troll claws you.
Fire: 50 bolts
Press: ? - help, Q - select action, (/) - cycle Shift-Dir - straight line, f/p - troll
Aim: a troll (severely wounded, 69% to hit)
You shoot a bolt. The bolt completely misses the troll.
You block the troll's attack. The troll claws you.
* * * LOW HITPOINT WARNING * * *
The troll claws you!
* * * LOW HITPOINT WARNING * * *
You enter a teleport trap!
The teleport trap disappears.
The troll bites you!
* * * LOW HITPOINT WARNING * * *
The troll claws you.
* * * LOW HITPOINT WARNING * * *
You block the troll's attack.
It was a potion of brilliance.
You feel clever all of a sudden. The troll barely misses you.
The troll claws you but does no damage. You block the troll's attack.
It was a potion of resistance.
You feel protected. You block the troll's attack. The troll claws you!
You die...

#.#
#..######.#
##.# #.#######
#..# #.####.#.
#.......# #..#
#.....###
#.#####.# #..#
######.#. #.#
#.# #..# ##.#
#.# #.# #.(#
#.. #.#
#.###(.# ###
#.#####...T..#
#.........@..#
##############


You could see a troll.

Vanquished Creatures
  A steam dragon (D:7)
  Eustachio (D:4)
  Menkaure (D:6)
  A black bear (D:5)
  2 necrophages
  An ogre (D:6)
  A phantom (D:5)
  A kobold brigand (D:4)
  A bullfrog (D:4)
  2 bullfrog zombies
  2 hounds (D:6)
  2 jellies
  An orc priest (D:6)
  A bullfrog skeleton (D:5)
  A centaur skeleton (D:7)
  A scorpion zombie (D:5)
  Jessica (D:3)
  2 orc wizards
  Natasha (D:1)
  3 iguanas
  A hound skeleton (D:5)
  8 adders
  3 gnolls (D:4)
  A shadow imp (D:7)
  2 white imps
  3 worms
  A dart slug (D:2)
  10 orcs
  8 endoplasms
  3 giant cockroaches
  6 goblins
  5 hobgoblins
  9 ball pythons
  8 bats
  3 frilled lizards
  10 kobolds
  4 rats
112 creatures vanquished.

Vanquished Creatures (others)
  5 plants (D:2)
5 creatures vanquished.

Grand Total: 117 creatures vanquished

Notes
Turn   | Place    | Note
-------+----------+-------------------------------------------
     0 | D:1      | freelancePsychic the Formicid Hunter began the quest for
                  | the Orb.
     0 | D:1      | Reached XP level 1. HP: 16/16 MP: 1/1
    90 | D:1      | You fall into a shaft and drop 1 floor!
   163 | D:2      | Reached XP level 2. HP: 23/23 MP: 2/2
   405 | D:1      | Found Inippaqie's Weapon Shoppe.
   419 | D:1      | Reached skill level 1 in Shields
   477 | D:1      | Reached XP level 3. HP: 23/28 MP: 3/3
   933 | D:1      | Reached skill level 1 in Short Blades
  1355 | D:2      | Found a faded altar of an unknown god.
  1494 | D:2      | Reached XP level 4. HP: 19/35 MP: 2/4
  2176 | D:2      | Noticed Natasha
  2251 | D:1      | Killed Natasha
  2252 | D:1      | Reached XP level 5. HP: 21/41 MP: 2/5
  2464 | D:3      | Noticed Jessica
  2466 | D:3      | Killed Jessica
  2705 | D:3      | Found a runed translucent gate.
  2707 | D:3      | Found a runed translucent gate.
  2708 | D:3      | Found a runed translucent gate.
  2726 | D:3      | Noticed Dvallin's ghost (weakling KoFi)
  2728 | D:3      | Identified the +9 dagger of Hacking and Slashing
                  | {antimagic, rPois rC- Str+4}
  2728 | D:3      | Identified the +1 chain mail of Trial and Error {Harm Will+
                  | Str+4 Dex-3}
  2948 | D:3      | Reached XP level 6. HP: 43/48 MP: 4/6
  3375 | D:4      | Found a blossoming altar of Fedhas.
  3381 | D:4      | Noticed Eustachio
  3406 | D:4      | Killed Eustachio
  3407 | D:4      | Reached skill level 5 in Crossbows
  3407 | D:4      | Reached XP level 7. HP: 55/55 MP: 7/7
  4180 | D:4      | Reached skill level 5 in Fighting
  4263 | D:5      | Entered Level 5 of the Dungeon
  4482 | D:5      | Reached XP level 8. HP: 11/62 MP: 3/8
  4788 | D:5      | Reached skill level 5 in Shields
  4994 | D:5      | Found an opulent altar of Gozag.
  5452 | D:6      | Found a shimmering blue altar of Sif Muna.
  5659 | D:6      | Noticed Menkaure
  5663 | D:6      | Killed Menkaure
  5772 | D:6      | Found a radiant altar of Vehumet.
  6058 | D:6      | Reached XP level 9. HP: 71/71 MP: 9/9
  6811 | D:7      | Noticed a troll
  7433 | D:7      | Identified the ring "Tiacoh" {Int+3 SInv}
  7833 | D:7      | Slain by a troll

Illustrated notes

Levels and vault maps discovered:
D:1:      matt_arrival_grand_opening, layout_rooms, serial_shops,
          nicolae_shop_advertising_works [nicolae_subvault_shop_adworks]
D:2:      layout_loops_ring, dilly_ecumenical_altar_fadedgnrine,
          minmay_pentomino_u2, uniq_natasha
D:3:      layout_basic, serial_glass, glass_columns_b, glass_columns_a,
          minmay_strange_pillars, due_unseen_surprise, item_on_display_a,
          biasface_ghost_orc_armoury, st_stairs_3,
          ebering_dispersal_statue_hall, minmay_misc_feat_more_columns,
          uniq_jessica
D:4:      layout_loops_ring, fedhas_ov_isle_minmay, uniq_eustachio
D:5:      layout_basic, mainiacjoe_overflow_boulevard
D:6:      layout_basic, mainiacjoe_overflow_24_doors, general_overflow_altar,
          uniq_menkaure
D:7:      layout_loops_ring, minmay_temple_entry_statues_pillars

Skill      XL: |  1  2  3  4  5  6  7  8  9 |
---------------+----------------------------+-----
Shields        | 1 2 3 4 6 7 |  7.1
Short Blades   | 1 2 3 |  3.1
Fighting       | 3 4 5 6 7 |  7.0
Crossbows      | 5 7 |  7.2
Dodging        | |  1.7
Stealth        | |  1.2

Action                   |  1- 3 |  4- 6 |  7- 9 || total
-------------------------+-------+-------+-------++-------
Melee: Short sword       |   117 |    56 |       ||   173
       Dagger            |       |    40 |   101 ||   141
 Fire: Hand crossbow     |    13 |    69 |   183 ||   265
 Abil: Dig               |       |     2 |       ||     2
  Use: Scroll            |     2 |     2 |     3 ||     7
       Potion            |       |       |     2 ||     2
Armor: Leather armour    |    18 |       |       ||    18
       Ring mail         |    25 |    20 |       ||    45
       Scale mail        |       |    30 |    65 ||    95
Dodge: Dodged            |    78 |    67 |    69 ||   214
Block: Tower shield      |       |       |   100 ||   100

Table legend: (Time is in decaauts)
 A = Elapsed time spent in this place.
 B = Non-inter-level travel time spent in this place.
 C = Inter-level travel time spent in this place.
 D = Time resting spent in this place.
 E = Time spent auto-exploring this place.
 F = Levels seen in this place.
 G = Mean time per level.
                   A        B        C        D        E       F      G
               +--------+--------+--------+--------+--------+-----+--------+
         Total |   7922 |   7522 |    400 |    450 |   5643 |   7 | 1131.7 |
       Dungeon |   7922 |   7522 |    400 |    450 |   5643 |   7 | 1131.7 |
               +--------+--------+--------+--------+--------+-----+--------+

Top non-repeatable levels by time:
     D:2: 1566 daAuts
     D:6: 1520 daAuts
     D:4: 1261 daAuts
     D:5: 1088 daAuts
     D:1: 891 daAuts
     D:7: 877 daAuts
     D:3: 718 daAuts
